 Dungeon Crawl Stone Soup version 0.26.1-10-gdfb7c7de75 (webtiles) character file.

Game seed: 14088713944895870868

2659 Almogavar the Archer (level 9, -12/71 HPs)
             Began as a Gnoll Wanderer on Apr 11, 2021.
             Was a Priest of Okawaru.
             Mangled by a naga
             ... wielding a +2 halberd of freezing
             ... summoned by a worldbinder
              (15 damage)
             ... on level 1 of the Abyss.
             The game lasted 00:22:58 (8694 turns).

Almogavar the Archer (Gnoll Wanderer)               Turns: 8694, Time: 00:23:00

Health: -12/71     AC: 14    Str: 18    XL:     9   Next: 63%
Magic:  18/19      EV: 12    Int: 14    God:    Okawaru [***...]
Gold:   469        SH:  0    Dex: 15    Spells: 21/21 levels left

rFire    . . .     SeeInvis .   x - +2 mace (holy)
rCold    + . .     Faith    .   (no shield)
rNeg     . . .     Spirit   .   z - +0 scale mail {rC+}
rPois    .         Reflect  .   v - +0 helmet
rElec    .         Harm     .   y - +0 cloak
rCorr    .         Rampage  .   c - +2 pair of gloves
Will     .....                  (no boots)
Stlth    +++.......             (no amulet)
HPRegen  0.21/turn              (no ring)
MPRegen  0.16/turn              C - +4 ring of slaying

@: lethally poisoned (-12 -> -14), about to teleport, heroism, constricted
A: distributed training, fangs 1, strong nose
a: Renounce Religion, Heroism


You were on level 1 of the Abyss.
You worshipped Okawaru.
Okawaru was most pleased with you.
You visited 2 branches of the dungeon, and saw 8 of its levels.
You visited the Abyss 1 time.
You also visited: Sewer.

You collected 469 gold pieces.

Inventory:

Hand Weapons
 a - a +2 shortbow
 x - a +2 mace of holy wrath (weapon)
Missiles
 b - 71 arrows
Armour
 c - a +2 pair of gloves (worn)
 s - a +0 pair of gloves
 v - a +0 helmet (worn)
 y - a +0 cloak (worn)
 z - a +0 scale mail of cold resistance (worn)
Jewellery
 f - an uncursed ring of willpower
 C - a +4 ring of slaying (right hand)
Wands
 d - a wand of random effects (42)
 e - a wand of digging (7)
 i - a wand of iceblast (11)
 k - a wand of enslavement (2)
Scrolls
 g - 5 scrolls of amnesia
 m - a scroll of fear {unknown}
 o - a scroll of fog
 t - a scroll of teleportation
 u - a scroll of enchant armour
 A - a scroll of enchant weapon {unknown}
 D - a scroll of random uselessness {unknown}
Potions
 h - 2 potions of degeneration {unknown}
 j - a potion of curing
 l - a potion of invisibility {unknown}
 n - 3 potions of flight
 p - a potion of magic
 q - a potion of might
 r - 2 potions of brilliance {unknown}
 w - 3 potions of haste {unknown}
 B - a potion of resistance {unknown}


   Skills:
 + Level 6.4(11.4) Fighting
 + Level 4.4(9.4) Short Blades
 + Level 4.4(9.4) Long Blades
 + Level 4.4(9.4) Axes
 + Level 4.4(9.4) Maces & Flails
 + Level 4.4(9.4) Polearms
 + Level 4.4(9.4) Staves
 + Level 4.4(9.4) Slings
 + Level 8.0(13.0) Bows
 + Level 4.4(9.4) Crossbows
 + Level 4.4(9.4) Throwing
 + Level 4.4(9.4) Armour
 + Level 4.4(9.4) Dodging
 + Level 4.4(9.4) Stealth
 + Level 5.2(10.2) Shields
 + Level 4.4(9.4) Unarmed Combat
 + Level 6.7 Spellcasting
 + Level 4.3 Conjurations
 + Level 3.6 Hexes
 + Level 3.6 Summonings
 + Level 3.6 Necromancy
 + Level 3.6 Translocations
 + Level 3.6 Transmutations
 + Level 3.6 Fire Magic
 + Level 3.6 Ice Magic
 + Level 3.6 Air Magic
 + Level 3.6 Earth Magic
 + Level 3.6 Poison Magic
 + Level 4.9 Invocations
 + Level 5.2 Evocations


You had 21 spell levels left.
You didn't know any spells.
Your spell library contained the following spells:

 Spells                   Type           Power        Failure   Level
 Magic Dart               Conj           64%          6%          1
 Searing Ray              Conj           32%          10%         2
 Blink                    Tloc           N/A          13%         2
 Dazzling Flash           Conj/Hex       30%          22%         3
 Gell's Gravitas          Tloc           7%           26%         3
 Lesser Beckoning         Tloc           7%           26%         3
 Teleport Other           Tloc           15%          26%         3
 Fulminant Prism          Conj/Hex       7%           58%         4
 Iskenderun's Mystic Bla  Conj/Tloc      15%          58%         4
 Animate Dead             Necr           7%           63%         4
 Passage of Golubria      Tloc           N/A          63%         4
 Borgnjor's Vile Clutch   Necr/Erth      7%           93%         5
 Death Channel            Necr           7%           100%        6
 Simulacrum               Ice/Necr       7%           100%        6


Dungeon Overview and Level Annotations

Branches:
Dungeon (7/15)             Temple (1/1) D:4           Sewer (visited)

Altars:
Ashenzari
Cheibriados
Dithmenos
Elyvilon
Fedhas
Gozag
Hepliaklqana
Kikubaaqudgha
Makhleb
Nemelex Xobeh
Okawaru
Qazlal
Ru
Sif Muna
Trog
Uskayaw
Vehumet
Xom
Yredelemnul
Zin
The Shining One

Shops:
D:4 [   D:6 [   D:7 [


Innate Abilities, Weirdness & Mutations

Your experience applies equally to all skills.
You have very sharp teeth.
Your uncanny sense of smell can sniff out nearby items.


Message History

Found a gateway leading deeper into the Abyss.
The naga's grasp on you weakens, but your attempt to escape fails.
You feel sick. The black mamba misses you. x2
The naga hits you with a +0 scimitar!
* * * LOW HITPOINT WARNING * * *
The naga barely misses you.
* * * LOW HITPOINT WARNING * * *
The naga constricts you.
You feel better. The black mamba closely misses you.
The black mamba barely misses you. The naga spits poison at you.
The splash of poison hits you but does no damage.
You are poisoned.
As you read the scroll labelled QUKOUH XOSYN, it crumbles to dust.
You feel strangely unstable.
You feel the power of the Abyss delaying your translocation!
It was a scroll of teleportation.
You feel sick. The black mamba bites you!
* * * LOW HITPOINT WARNING * * *
The naga hits you with a +2 halberd of freezing!
You die...

# #/#..#.# . ..
#.((.#.#. .
##.((.....#...
#
..#......#.#.#
###.#..## #....
##..##?..##....
#.#.#..x.......
. .
#....NNSx......
.
##.##.@##......
#. ..#§.#.#
.∆....#
...#.#.. ......
..§ . #....
.(.(. # #.
..... ....
...... . .
#.>....
..).....


You could see a worldbinder, a black mamba (summoned), 2 nagas and a small
abomination.

Vanquished Creatures
  The ghost of RandThor the Slinger, a novice HaHu (D:5)
  The ghost of Cykl0x the Covered, a novice MiFi (D:4)
  A starcursed mass (Abyss:1)
  Eustachio (D:6)
  2 sky beasts (D:6)
  Purgy (Sewer)
  An ogre (D:7)
  2 centaurs
  2 big kobolds
  A gnoll sergeant (D:7)
  A howler monkey (D:6)
  A jelly (D:7)
  A bullfrog zombie (D:5)
  3 hounds
  4 orc priests
  10 orc wizards
  2 iguanas
  3 worker ants
  6 gnolls
  7 adders
  3 white imps
  An ufetubus (D:7)
  An ooze (D:1)
  An adder zombie (D:7)
  3 worms (D:2)
  2 dart slugs (D:2)
  2 leopard geckos
  21 orcs
  3 ball pythons
  7 giant cockroaches
  3 goblins
  4 hobgoblins
  7 jackals
  2 quokkas
  5 bats
  6 frilled lizards
  11 kobolds
  A leopard gecko zombie (D:7)
  5 rats
139 creatures vanquished.

Vanquished Creatures (others)
  3 fungi (D:5)
  A plant (D:5)
4 creatures vanquished.

Grand Total: 143 creatures vanquished

Notes
Turn   | Place    | Note
-------+----------+-------------------------------------------
     0 | D:1      | Almogavar the Gnoll Wanderer began the quest for the Orb.
     0 | D:1      | Almogavar set off with the following items: a +2 shortbow,
                  | 28 arrows, a +0 ring mail, a wand of random effects (15)
     0 | D:1      | Reached XP level 1. HP: 20/20 MP: 6/6
   180 | D:1      | Reached XP level 2. HP: 26/26 MP: 7/7
   492 | D:1      | Reached XP level 3. HP: 31/31 MP: 9/9
   499 | D:1      | Reached skill level 5 in Spellcasting
   655 | D:2      | Reached skill level 1 in Invocations
   817 | D:2      | Found a shimmering altar of Xom.
   852 | D:2      | Reached skill level 1 in Short Blades
   852 | D:2      | Reached skill level 1 in Long Blades
   852 | D:2      | Reached skill level 1 in Axes
   852 | D:2      | Reached skill level 1 in Maces & Flails
   852 | D:2      | Reached skill level 1 in Polearms
   852 | D:2      | Reached skill level 1 in Staves
   852 | D:2      | Reached skill level 1 in Slings
   852 | D:2      | Reached skill level 1 in Crossbows
   852 | D:2      | Reached skill level 1 in Throwing
   852 | D:2      | Reached skill level 1 in Armour
   852 | D:2      | Reached skill level 1 in Dodging
   852 | D:2      | Reached skill level 1 in Stealth
   852 | D:2      | Reached skill level 1 in Unarmed Combat
   920 | D:2      | Reached XP level 4. HP: 38/38 MP: 11/11
  1312 | D:2      | Reached skill level 1 in Hexes
  1312 | D:2      | Reached skill level 1 in Summonings
  1312 | D:2      | Reached skill level 1 in Necromancy
  1312 | D:2      | Reached skill level 1 in Translocations
  1312 | D:2      | Reached skill level 1 in Transmutations
  1312 | D:2      | Reached skill level 1 in Fire Magic
  1312 | D:2      | Reached skill level 1 in Ice Magic
  1312 | D:2      | Reached skill level 1 in Air Magic
  1312 | D:2      | Reached skill level 1 in Earth Magic
  1312 | D:2      | Reached skill level 1 in Poison Magic
  1716 | D:2      | Found a glowing golden altar of the Shining One.
  1716 | D:2      | Found an opulent altar of Gozag.
  2058 | D:3      | Found a white marble altar of Elyvilon.
  2540 | D:4      | Reached XP level 5. HP: 38/43 MP: 12/12
  2611 | D:4      | Found a staircase to the Ecumenical Temple.
  2619 | Temple   | Entered the Ecumenical Temple
  2716 | Temple   | Became a worshipper of Warmaster Okawaru
  3147 | D:4      | Found Direwij's Antique Armour Shoppe.
  3182 | D:4      | Reached XP level 6. HP: 47/50 MP: 13/13
  3385 | D:4      | Reached skill level 5 in Fighting
  3881 | D:4      | Found a broken altar of Ashenzari.
  3906 | D:4      | Found a runed translucent gate.
  3907 | D:4      | Found a runed translucent gate.
  3908 | D:4      | Found a runed translucent gate.
  3908 | D:4      | Noticed Cykl0x's ghost (novice MiFi)
  4070 | D:5      | Entered Level 5 of the Dungeon
  4187 | D:5      | Reached XP level 7. HP: 52/56 MP: 15/15
  4201 | D:5      | Found a glowing drain.
  4213 | Sewer    | Entered a sewer
  4290 | Sewer    | Noticed Purgy
  4331 | Sewer    | Killed Purgy
  4331 | Sewer    | Reached * piety under Okawaru
  4332 | Sewer    | Reached skill level 7 in Bows
  5138 | D:5      | Found a shimmering blue altar of Sif Muna.
  5159 | D:5      | Found a runed translucent gate.
  5159 | D:5      | Found a runed translucent gate.
  5159 | D:5      | Found a runed translucent gate.
  5162 | D:5      | Noticed RandThor's ghost (novice HaHu)
  5514 | D:6      | Noticed Eustachio
  5599 | D:6      | Killed Eustachio
  5795 | D:6      | Reached XP level 8. HP: 42/63 MP: 16/16
  6198 | D:6      | Reached ** piety under Okawaru
  6522 | D:6      | Found Joepo's Antique Armour Emporium.
  6873 | D:7      | Found Mas Budi's Armour Boutique.
  7140 | D:7      | Noticed an air elemental
  7141 | D:7      | Found a stormy altar of Qazlal.
  7146 | D:7      | Noticed a water elemental
  7726 | D:7      | Reached XP level 9. HP: 54/69 MP: 18/18
  8308 | D:4      | Killed Cykl0x's ghost
  8604 | D:5      | Killed RandThor's ghost
  8605 | D:5      | Reached skill level 5 in Shields
  8605 | D:5      | Reached skill level 5 in Evocations
  8612 | D:5      | Reached *** piety under Okawaru
  8614 | D:5      | Cast into level 1 of the Abyss (kobold)
  8657 | Abyss:1  | Noticed a starcursed mass
  8677 | Abyss:1  | Noticed a worldbinder
  8677 | Abyss:1  | Killed a starcursed mass
  8678 | Abyss:1  | Reached skill level 8 in Bows
  8689 | Abyss:1  | Noticed a black mamba
  8694 | Abyss:1  | HP: 3/71 [black mamba[a worldbinder] (13)]
  8694 | Abyss:1  | Mangled by a naga

Illustrated notes

Levels and vault maps discovered:
D:1:      minmay_arrival_hallway, layout_rooms, serial_corexii_hall,
          corexii_hall_statues_s, corexii_hall_statues_i,
          corexii_hall_statues_deadend, corexii_hall_statues_s
D:2:      layout_basic, xom_butterflies, amethyst_overflow_temple_binary,
          chequers_serial_rivers_micro_c, st_stairs_2
D:3:      layout_loops_ring, nicolae_overflow_crystal_walls
D:4:      layout_loops_ring, lemuel_coloured_pillars_altar,
          minmay_temple_entry_ruins, serial_shops, kennysheep_little_box,
          gammafunk_ghost_nasty_kobolds
D:5:      layout_basic, general_overflow_altar, portal_sewer_entry_d,
          gammafunk_ghost_nasty_kobolds, serial_glass, glass_columns_b,
          glass_columns_b, feat_on_display, item_on_display_a,
          item_on_display_a, minmay_strange_pillars, lemuel_another_geyser
D:6:      layout_basic, serial_shops, shop, serial_park_tiny_1, uniq_eustachio
D:7:      layout_basic, serial_shops, shop_coins,
          nicolae_qazlal_style_of_elements
Temple:   lightli_temple_of_artemis
Abyss:1:  base: D:1, evilmike_abyss_exit_glass

Skill      XL: |  1  2  3  4  5  6  7  8  9 |
---------------+----------------------------+-----
Conjurations   | 2 3 4 |  4.3
Spellcasting   | 5 6 |  6.7
Invocations    | 1 2 3 4 |  4.9
Short Blades   | 1 2 3 4 |  4.4
Long Blades    | 1 2 3 4 |  4.4
Axes           | 1 2 3 4 |  4.4
Maces & Flails | 1 2 3 4 |  4.4
Polearms       | 1 2 3 4 |  4.4
Staves         | 1 2 3 4 |  4.4
Slings         | 1 2 3 4 |  4.4
Crossbows      | 1 2 3 4 |  4.4
Throwing       | 1 2 3 4 |  4.4
Armour         | 1 2 3 4 |  4.4
Dodging        | 1 2 3 4 |  4.4
Stealth        | 1 2 3 4 |  4.4
Unarmed Combat | 1 2 3 4 |  4.4
Hexes          | 1 2 3 |  3.6
Summonings     | 1 2 3 |  3.6
Necromancy     | 1 2 3 |  3.6
Translocations | 1 2 3 |  3.6
Transmutations | 1 2 3 |  3.6
Fire Magic     | 1 2 3 |  3.6
Ice Magic      | 1 2 3 |  3.6
Air Magic      | 1 2 3 |  3.6
Earth Magic    | 1 2 3 |  3.6
Poison Magic   | 1 2 3 |  3.6
Shields        | 3 4 5 |  5.2
Evocations     | 3 4 5 |  5.2
Fighting       | 5 6 |  6.4
Bows           | 7 8 |  8.0

Action                   |  1- 3 |  4- 6 |  7- 9 || total
-------------------------+-------+-------+-------++-------
Melee: Dagger            |       |    30 |       ||    30
       Bite              |       |    10 |    21 ||    31
       Shortbow          |       |     1 |       ||     1
       Mace              |       |    29 |   142 ||   171
       Punch             |       |     1 |     4 ||     5
       Unarmed           |       |       |     7 ||     7
 Fire: Shortbow          |    70 |   164 |   167 ||   401
Invok: Heroism           |       |       |     5 ||     5
Evoke: Wand              |       |     1 |       ||     1
  Use: Scroll            |       |    11 |     5 ||    16
       Potion            |       |     1 |     5 ||     6
 Stab: Sleeping          |       |       |     1 ||     1
Armor: Ring mail         |     6 |    39 |    73 ||   118
       Scale mail        |       |       |    65 ||    65
Dodge: Dodged            |     4 |    39 |   177 ||   220
